[ AOE2 MATCH · #506639377 ]
UnrankedBritons vs Bulgarians
Player's team · WIN
Rival team · LOSS
[ REPLAY ANALYSIS · EXTRACTED FROM THE RECORDED GAME ]
Feudal
11:51
Castle
20:21
Imperial
34:09
| APM avg | 95.2 |
| APM peak | 157 |
| eAPM avg | 30.2 |
| Villagers / military | 167 / 144 |
Focus
⚔️ 39.6% · 🌾 60.4%
Scout Cavalry ×79 · Archer ×50 · Mangonel ×5 · Militia ×4 · Trebuchet (Packed) ×4 · Monk ×1
Feudal
9:40
Castle
21:20
Imperial
36:10
| APM avg | 71.0 |
| APM peak | 100 |
| eAPM avg | 32.5 |
| Villagers / military | 179 / 131 |
Focus
⚔️ 45.6% · 🌾 54.4%
Skirmisher ×86 · Cavalry Archer ×19 · Battering Ram ×9 · Scout Cavalry ×8 · Mangonel ×3 · Trebuchet (Packed) ×3
Match map
Initial resources + every placement click. Lines = walls · curves = elevation contours. ◆ gold · ⬟ stone · ● berries · ✦ relic · ◌ wall gap
Your base· ✓ Closed at 20:21 · 58t walls · 1 gate(s)
HR Pinkman's base· ✓ Closed at 21:20 · 41t walls · no gate
Smoothed initial terrain · ◌ = detected wall gap · hover for details
Inputs per minute
— tomyam - - HR Pinkman
Build order — tomyam
First 150 of 535 actions detected
| 0:00 | Create | Villager (Male) |
| 0:01 | Create | Villager (Male) |
| 0:01 | Create | Villager (Male) |
| 0:02 | Build | House |
| 0:04 | Build | House |
| 0:08 | Create | Villager (Male) |
| 1:23 | Create | Villager (Male) |
| 1:23 | Create | Villager (Male) |
| 1:28 | Build | Lumber Camp |
| 1:41 | Create | Villager (Male) |
| 1:41 | Create | Villager (Male) |
| 2:07 | Create | Villager (Male) |
| 2:36 | Create | Villager (Male) |
| 2:36 | Create | Villager (Male) |
| 2:37 | Create | Villager (Male) |
| 2:48 | Create | Villager (Male) |
| 2:48 | Create | Villager (Male) |
| 3:26 | Create | Villager (Male) |
| 3:50 | Build | House |
| 4:03 | Create | Villager (Male) |
| 4:11 | Create | Villager (Male) |
| 4:17 | Create | Villager (Male) |
| 4:27 | Create | Villager (Male) |
| 4:27 | Create | Villager (Male) |
| 4:33 | Build | Barracks |
| 5:02 | Create | Villager (Male) |
| 5:25 | Build | House |
| 5:34 | Create | Militia |
| 5:35 | Create | Militia |
| 5:35 | Create | Militia |
| 6:02 | Build | Mill |
| 6:09 | Create | Villager (Male) |
| 6:14 | Create | Militia |
| 6:16 | Create | Villager (Male) |
| 6:19 | Create | Villager (Male) |
| 6:25 | Build | Palisade Wall |
| 6:26 | Build | Palisade Wall |
| 6:29 | Create | Villager (Male) |
| 6:46 | Create | Villager (Male) |
| 7:07 | Build | Palisade Wall |
| 7:10 | Create | Villager (Male) |
| 7:15 | Build | Palisade Wall |
| 7:18 | Build | Palisade Wall |
| 7:21 | Create | Villager (Male) |
| 7:31 | Create | Villager (Male) |
| 7:35 | Research | Loom |
| 7:37 | Build | House |
| 7:54 | Build | Palisade Wall |
| 8:00 | Create | Villager (Male) |
| 8:07 | Build | Palisade Wall |
| 8:09 | Create | Villager (Male) |
| 8:21 | Create | Villager (Male) |
| 8:45 | Build | House |
| 8:47 | Build | House |
| 8:50 | Create | Villager (Male) |
| 9:19 | Build | Mill |
| 9:28 | Research | Feudal Age |
| 9:51 | Build | Mining Camp |
| 10:17 | Build | Palisade Wall |
| 10:41 | Build | Farm |
| 10:41 | Build | Farm |
| 11:14 | Create | Villager (Male) |
| 11:27 | Build | Farm |
| 11:51 | Age | Feudal Age |
| 11:52 | Create | Villager (Male) |
| 11:56 | Build | Archery Range |
| 12:04 | Research | Double-Bit Axe |
| 12:04 | Research | Double-Bit Axe |
| 12:11 | Build | Palisade Wall |
| 12:17 | Create | Villager (Male) |
| 12:31 | Build | Blacksmith |
| 12:43 | Create | Villager (Male) |
| 12:48 | Build | Palisade Wall |
| 12:53 | Create | Villager (Male) |
| 12:56 | Create | Archer |
| 13:02 | Create | Villager (Male) |
| 13:03 | Create | Archer |
| 13:05 | Build | Farm |
| 13:13 | Build | Farm |
| 13:21 | Create | Archer |
| 13:24 | Research | Fletching |
| 13:32 | Create | Archer |
| 13:32 | Create | Spearman |
| 13:37 | Create | Villager (Male) |
| 13:46 | Build | Farm |
| 14:03 | Create | Villager (Male) |
| 14:09 | Build | Palisade Gate |
| 14:10 | Create | Villager (Male) |
| 14:19 | Build | Farm |
| 14:31 | Create | Villager (Male) |
| 14:34 | Build | Farm |
| 14:39 | Build | House |
| 14:49 | Create | Archer |
| 14:51 | Build | Farm |
| 14:58 | Create | Villager (Male) |
| 15:04 | Build | House |
| 15:39 | Create | Villager (Male) |
| 15:39 | Create | Villager (Male) |
| 15:44 | Create | Villager (Male) |
| 15:53 | Create | Villager (Male) |
| 15:55 | Build | Farm |
| 15:56 | Build | Farm |
| 16:04 | Build | Farm |
| 16:15 | Create | Villager (Male) |
| 16:22 | Create | Villager (Male) |
| 16:25 | Build | Farm |
| 16:27 | Build | House |
| 16:27 | Build | House |
| 16:29 | Create | Archer |
| 16:31 | Create | Archer |
| 16:34 | Build | Farm |
| 16:44 | Build | Farm |
| 17:00 | Create | Villager (Male) |
| 17:06 | Build | Farm |
| 17:13 | Create | Archer |
| 17:17 | Build | House |
| 17:18 | Build | House |
| 17:28 | Build | Farm |
| 17:32 | Research | Castle Age |
| 17:32 | Research | Castle Age |
| 18:22 | Create | Archer |
| 18:25 | Create | Villager (Male) |
| 18:28 | Build | Archery Range |
| 18:32 | Research | Padded Archer Armor |
| 18:42 | Create | Villager (Male) |
| 18:43 | Create | Archer |
| 19:03 | Create | Archer |
| 19:14 | Research | Gold Mining |
| 19:17 | Research | Horse Collar |
| 19:28 | Build | Lumber Camp |
| 19:32 | Create | Archer |
| 19:42 | Create | Archer |
| 20:01 | Create | Villager (Male) |
| 20:11 | Create | Villager (Male) |
| 20:14 | Create | Archer |
| 20:21 | Age | Castle Age |
| 20:22 | Research | Crossbowman (upgrade) |
| 20:22 | Research | Crossbowman (upgrade) |
| 20:22 | Research | Crossbowman (upgrade) |
| 20:22 | Research | Bodkin Arrow |
| 20:23 | Research | Bodkin Arrow |
| 20:25 | Create | Villager (Male) |
| 20:32 | Create | Villager (Male) |
| 20:54 | Create | Villager (Male) |
| 20:54 | Create | Villager (Male) |
| 21:06 | Create | Villager (Male) |
| 21:09 | Build | Siege Workshop |
| 21:18 | Create | Villager (Male) |
| 21:19 | Create | Archer |
| 21:19 | Create | Archer |
Build order — HR Pinkman
First 150 of 489 actions detected
| 0:00 | Create | Villager (Male) |
| 0:00 | Create | Villager (Male) |
| 0:01 | Build | House |
| 0:02 | Build | House |
| 0:06 | Create | Villager (Male) |
| 0:07 | Create | Villager (Male) |
| 0:07 | Create | Villager (Male) |
| 1:23 | Create | Villager (Male) |
| 1:23 | Create | Villager (Male) |
| 1:49 | Create | Villager (Male) |
| 1:50 | Create | Villager (Male) |
| 2:00 | Build | Lumber Camp |
| 2:23 | Create | Villager (Male) |
| 2:23 | Create | Villager (Male) |
| 2:43 | Create | Villager (Male) |
| 2:43 | Create | Villager (Male) |
| 3:01 | Create | Villager (Male) |
| 3:01 | Create | Villager (Male) |
| 3:34 | Create | Villager (Male) |
| 3:47 | Build | House |
| 4:01 | Create | Villager (Male) |
| 4:02 | Create | Villager (Male) |
| 4:20 | Create | Villager (Male) |
| 4:20 | Create | Villager (Male) |
| 4:25 | Build | House |
| 4:58 | Create | Villager (Male) |
| 4:58 | Create | Villager (Male) |
| 4:58 | Create | Villager (Male) |
| 5:02 | Build | Mill |
| 5:56 | Create | Villager (Male) |
| 6:16 | Research | Loom |
| 6:56 | Create | Villager (Male) |
| 7:09 | Build | House |
| 7:25 | Research | Feudal Age |
| 7:30 | Build | Palisade Wall |
| 7:31 | Build | Palisade Wall |
| 8:02 | Create | Villager (Male) |
| 8:11 | Build | Palisade Wall |
| 8:23 | Build | Palisade Wall |
| 8:23 | Build | Palisade Wall |
| 8:26 | Build | Palisade Wall |
| 8:26 | Build | Palisade Wall |
| 8:54 | Build | Barracks |
| 8:58 | Create | Villager (Male) |
| 9:40 | Age | Feudal Age |
| 9:52 | Build | Stable |
| 9:52 | Research | Double-Bit Axe |
| 9:54 | Create | Villager (Male) |
| 10:06 | Research | Double-Bit Axe |
| 10:26 | Create | Spearman |
| 10:28 | Build | House |
| 10:30 | Build | Palisade Wall |
| 10:37 | Create | Scout Cavalry |
| 10:37 | Create | Scout Cavalry |
| 11:02 | Create | Villager (Male) |
| 11:03 | Create | Villager (Male) |
| 11:04 | Build | House |
| 11:14 | Create | Villager (Male) |
| 11:25 | Research | Horse Collar |
| 11:27 | Create | Villager (Male) |
| 11:49 | Build | House |
| 11:55 | Create | Villager (Male) |
| 11:56 | Build | Farm |
| 11:57 | Build | Farm |
| 12:01 | Build | Farm |
| 12:07 | Build | House |
| 12:27 | Create | Villager (Male) |
| 12:29 | Build | Farm |
| 12:31 | Build | Farm |
| 12:40 | Build | Palisade Wall |
| 12:48 | Create | Villager (Male) |
| 13:01 | Build | Farm |
| 13:05 | Build | Farm |
| 13:10 | Create | Villager (Male) |
| 13:29 | Build | Mining Camp |
| 13:42 | Create | Villager (Male) |
| 13:43 | Build | Farm |
| 13:55 | Create | Villager (Male) |
| 14:07 | Build | Palisade Wall |
| 14:12 | Create | Villager (Male) |
| 14:28 | Build | Palisade Wall |
| 14:31 | Build | Palisade Wall |
| 14:35 | Create | Villager (Male) |
| 14:38 | Build | Farm |
| 14:43 | Build | Farm |
| 14:44 | Build | Farm |
| 14:50 | Build | Palisade Wall |
| 14:54 | Create | Villager (Male) |
| 15:07 | Build | Farm |
| 15:08 | Build | Farm |
| 15:14 | Build | Farm |
| 15:41 | Create | Scout Cavalry |
| 15:42 | Create | Villager (Male) |
| 15:52 | Create | Villager (Male) |
| 15:55 | Build | Watch Tower |
| 16:03 | Build | House |
| 16:05 | Build | House |
| 16:08 | Build | House |
| 16:13 | Create | Scout Cavalry |
| 16:14 | Create | Scout Cavalry |
| 16:28 | Create | Scout Cavalry |
| 16:45 | Create | Scout Cavalry |
| 16:52 | Build | Archery Range |
| 17:01 | Build | House |
| 17:05 | Build | Palisade Wall |
| 17:13 | Create | Villager (Male) |
| 17:27 | Create | Scout Cavalry |
| 17:47 | Create | Villager (Male) |
| 18:14 | Create | Skirmisher |
| 18:19 | Create | Skirmisher |
| 18:36 | Build | Lumber Camp |
| 18:40 | Research | Castle Age |
| 18:49 | Build | Blacksmith |
| 18:52 | Create | Skirmisher |
| 19:01 | Create | Skirmisher |
| 19:17 | Create | Villager (Male) |
| 19:37 | Research | Fletching |
| 19:37 | Research | Fletching |
| 19:38 | Research | Padded Archer Armor |
| 19:38 | Research | Padded Archer Armor |
| 19:51 | Create | Skirmisher |
| 20:16 | Create | Skirmisher |
| 20:46 | Create | Skirmisher |
| 20:58 | Create | Skirmisher |
| 21:15 | Create | Skirmisher |
| 21:20 | Create | Villager (Male) |
| 21:20 | Age | Castle Age |
| 21:22 | Create | Villager (Male) |
| 21:23 | Build | Town Center |
| 21:25 | Build | University |
| 21:30 | Research | Elite Skirmisher (upgrade) |
| 21:30 | Research | Elite Skirmisher (upgrade) |
| 21:32 | Research | Bodkin Arrow |
| 21:32 | Research | Bodkin Arrow |
| 21:33 | Research | Leather Archer Armor |
| 21:33 | Research | Leather Archer Armor |
| 21:40 | Research | Bow Saw |
| 22:00 | Build | Palisade Wall |
| 22:06 | Create | Villager (Male) |
| 22:12 | Create | Skirmisher |
| 22:12 | Create | Skirmisher |
| 22:18 | Research | Ballistics |
| 22:24 | Create | Skirmisher |
| 22:37 | Create | Villager (Male) |
| 22:37 | Create | Villager (Male) |
| 22:45 | Build | Farm |
| 22:47 | Build | Farm |
| 22:51 | Create | Skirmisher |
| 22:51 | Create | Skirmisher |
| 23:01 | Create | Villager (Male) |
Match timeline
| 4:33 | tomyam · first_building Barracks |
| 6:25 | tomyam · wall_segment Palisade Wall x10 |
| 6:26 | tomyam · wall_segment Palisade Wall x1 |
| 7:07 | tomyam · wall_segment Palisade Wall x8 |
| 7:15 | tomyam · wall_segment Palisade Wall x11 |
| 7:18 | tomyam · wall_segment Palisade Wall x10 |
| 7:30 | HR Pinkman · wall_segment Palisade Wall x1 |
| 7:31 | HR Pinkman · wall_segment Palisade Wall x1 |
| 7:54 | tomyam · wall_segment Palisade Wall x11 |
| 8:07 | tomyam · wall_segment Palisade Wall x3 |
| 8:11 | HR Pinkman · wall_segment Palisade Wall x1 |
| 8:23 | HR Pinkman · wall_segment Palisade Wall x1 |
| 8:23 | HR Pinkman · wall_segment Palisade Wall x1 |
| 8:26 | HR Pinkman · wall_segment Palisade Wall x1 |
| 8:26 | HR Pinkman · wall_segment Palisade Wall x1 |
| 8:54 | HR Pinkman · first_building Barracks |
| 9:40 | HR Pinkman · age_up feudal |
| 9:52 | HR Pinkman · first_building Stable |
| 10:17 | tomyam · wall_segment Palisade Wall x1 |
| 10:30 | HR Pinkman · wall_segment Palisade Wall x1 |
| 11:51 | tomyam · age_up feudal |
| 11:56 | tomyam · first_building Archery Range |
| 12:11 | tomyam · wall_segment Palisade Wall x1 |
| 12:40 | HR Pinkman · wall_segment Palisade Wall x7 |
| 12:48 | tomyam · wall_segment Palisade Wall x3 |
| 14:07 | HR Pinkman · wall_segment Palisade Wall x11 |
| 14:28 | HR Pinkman · wall_segment Palisade Wall x1 |
| 14:31 | HR Pinkman · wall_segment Palisade Wall x1 |
| 14:50 | HR Pinkman · wall_segment Palisade Wall x14 |
| 16:52 | HR Pinkman · first_building Archery Range |
| 17:05 | HR Pinkman · wall_segment Palisade Wall x1 |
| 20:21 | tomyam · age_up castle |
| 21:09 | tomyam · first_building Siege Workshop |
| 21:20 | HR Pinkman · age_up castle |
| 22:00 | HR Pinkman · wall_segment Palisade Wall x1 |
| 24:44 | HR Pinkman · first_building Siege Workshop |
| 30:16 | tomyam · first_market_sell 100 wood |
| 30:27 | tomyam · first_building Monastery |
| 30:33 | HR Pinkman · first_building Castle |
| 31:21 | tomyam · first_market_buy 100 stone |
| 31:27 | tomyam · first_building Castle |
| 33:48 | HR Pinkman · first_building Monastery |
| 34:09 | tomyam · age_up imperial |
| 35:10 | HR Pinkman · first_building Krepost |
| 36:10 | HR Pinkman · age_up imperial |
| 36:42 | tomyam · first_building Stable |
| 43:30 | HR Pinkman · resign |
[ AI ANALYSIS · 1 CREDIT ]
What really happened in this match?
Wolo.gg analyzes every decision: build order, eco, micro, common mistakes by bracket. Personalized analysis on WhatsApp or Discord in 30 seconds.
Civ guide
Britons
Perfil
tomyam